 Dungeon Crawl Stone Soup version 0.18-a0-9-gd4dcb6f (webtiles) character file.

28 Ordine the Magician (level 3, 4/19 HPs)
             Began as a Deep Elf Air Elementalist on Nov 1, 2015.
             Quit the game on level 2 of the Dungeon.
             The game lasted 00:06:04 (1289 turns).

Ordine the Magician (Deep Elf Air Elementalist)     Turns: 1289, Time: 00:06:04

Health: 4/19       AC:  2    Str:  5      XL:     3   Next: 0%
Magic:  0/10       EV: 18    Int: 20      God:
Gold:   96         SH:  0    Dex: 19 (20) Spells: 3 memorised, 4 levels left

rFire  + . .     SeeInvis .     e - +0 dagger
rCold  + . .     Clarity  .     a - +0 robe
rNeg   . . .     SustAt   .     (no shield)
rPois  +         Gourm    .     (no helmet)
rElec  +         Spirit   .     (no cloak)
rCorr  +         Warding  .     (no gloves)
rMut   .         Stasis   .     (no boots)
MR     .....                    (no amulet)
Stlth  +++.......               (no ring)
                                (no ring)

@: agile, lethally poisoned (4 -> -5), resistant, very slightly contaminated,
repel missiles, not resistant to hostile enchantments, fairly stealthy
A: no striking features
a: no special abilities


You were on level 2 of the Dungeon.
You were not hungry.

You visited 1 branch of the dungeon, and saw 2 of its levels.

You collected 96 gold pieces.

Inventory:

Hand Weapons
 e - a +0 dagger (weapon)
Armour
 a - a +0 robe (worn)
Scrolls
 g - a scroll of teleportation
Potions
 d - a potion of degeneration
 f - a potion of agility
Books
 b - a book of Air

   Spells                             Type                      Level
   a - Shock                          Conjuration/Air              1
   b - Swiftness                      Charms/Air                   2
   c - Repel Missiles                 Charms/Air                   2
   d - Static Discharge               Conjuration/Air              3
   e - Lightning Bolt                 Conjuration/Air              5
Comestibles
 c - 2 bread rations
 h - 4 chunks of flesh


   Skills:
 - Level 2.4 Dodging
 - Level 2.4 Stealth
 * Level 3.8 Spellcasting
 + Level 2.0 Conjurations
 + Level 3.3 Air Magic


You had 4 spell levels left.
You knew the following spells:

 Your Spells              Type           Power        Failure   Level  Hunger
a - Shock                 Conj/Air       ##..         4%          1    None
b - Repel Missiles        Chrm/Air       ##....       12%         2    ##.....
c - Swiftness             Chrm/Air       ##......     12%         2    ##.....


Dungeon Overview and Level Annotations

Branches:
Dungeon (2/15)

Altars:


Message History

You feel sick. The adder closely misses you. The adder barely misses you.
Drink which item? (? for menu, Esc to quit)
It was a potion of degeneration.
There was something very wrong with that liquid.
You feel clumsy.
You feel sick. The adder bites you.
* * * LOW HITPOINT WARNING * * *
You are lethally poisoned!
The adder poisons you!
Unknown command.
Drink which item? (? for menu, Esc to quit)
It was a potion of agility.
You feel agile all of a sudden. The adder barely misses you.
The adder completely misses you.
Drink which item? (? for menu, Esc to quit)
It was a potion of resistance.
You feel protected.
* * * LOW HITPOINT WARNING * * *
You feel sick. The adder misses you.
Are you sure you want to abandon this character and quit the game? (Confirm with "yes".)

♣##+#...#.# .....
♣.....#.#.#
#######..(...
♣....<#.#.#
#...(.'......
♣....##.#.#
#.#####......
♣....'..#.# #.#
..... ♣....####.#
#.# ....
♣.♣....####'## #.#
###
.............####S#
................@.#
.............######
.............#
#######...)..#
#......# #......#
#......# ########


You could see an adder.

Vanquished Creatures
  An ooze (D:1)
  A giant gecko (D:1)
  2 ball pythons
  4 bats
  A giant cockroach (D:1)
  2 goblins (D:1)
  2 hobgoblins (D:1)
  3 kobolds
  4 giant newts (D:1)
  A rat (D:1)
21 creatures vanquished.

Notes
Turn   | Place    | Note
--------------------------------------------------------------
     0 | D:1      | Ordine the Deep Elf Air Elementalist began the quest for the Orb.
     0 | D:1      | Reached XP level 1. HP: 10/10 MP: 6/6
   201 | D:1      | Reached XP level 2. HP: 15/15 MP: 1/8
   265 | D:1      | Learned a level 2 spell: Repel Missiles
   604 | D:1      | Learned a level 2 spell: Swiftness
  1267 | D:2      | Reached XP level 3. HP: 19/19 MP: 7/10
  1289 | D:2      | Quit the game

Vault maps used:
D:1:      matt_arrival_los_fun
D:2:      ecumenical_altar_2, serial_forest, infiniplex_forest_lined_corner,
          infiniplex_forest_lined_corner, infiniplex_forest_lined_corner,
          infiniplex_forest_end_2, infiniplex_forest_straight_3, uniq_iyjb

Action                   || total
-------------------------++-------
 Cast: Shock             ||    59
       Repel Missiles    ||     1
  Use: Scroll            ||     1
       Potion            ||     3
  Eat: Chunk             ||     1
